[Event "Mitropa Cup Open 2022"]
[Site "Corte"]
[Date "2022.05.08"]
[Round "9.2"]
[White "Blohberger, Felix"]
[Black "Krastev, Alexander"]
[Result "1/2-1/2"]
[ECO "B31"]
[WhiteElo "2510"]
[BlackElo "2412"]
[Annotator "TA"]
[PlyCount "116"]
[EventDate "2022.04.30"]
[EventType "team-tourn"]
[EventCountry "FRA"]
[SourceTitle "playchess.com"]
[Source "ChessBase"]
[SourceQuality "1"]
[WhiteTeam "Austria"]
[BlackTeam "Germany"]
[WhiteTeamCountry "AUT"]
[BlackTeamCountry "GER"]
[TimeControl "40/5400+30:1800+30"]

1. e4 c5 2. Nf3 Nc6 3. Bb5 g6 4. Bxc6 bxc6 5. d4 Ba6 6. dxc5 {[%emt 0:02:09] B31: Sicilian: 2...Nc6 3 Bb5 g6.} Qa5+ 7. Nbd2 Bg7 8. a3 {[%emt 0:02:35] White is slightly better.} (8. Rb1 $5 ) 8... Qxc5 9. b4 Qb6 (9... Qc3 $2 10. Rb1 $18) 10. Rb1 d5 {[%emt 0:00:22] [#] Inhibits c4.} 11. e5 $146 {[%emt 0:01:40] Inhibits Nf6.} ({Predecessor:} 11. b5 Bxb5 12. exd5 cxd5 13. c4 Qe6+ 14. Kf1 Bxc4+ 15. Nxc4 dxc4 16. Qa4+ Qd7 17. Qxd7+ Kxd7 {1-0 (35) Grischuk,A (2766)-Gschnitzer,A (2425) Chess.com INT 2019}) 11... Nh6 12. h3 {[%emt 0:17:12] Prevents Ng4.} O-O 13. Nb3 $1 f6 14. Be3 Qc7 (14... Qb5 15. Nfd4 Qb7 16. Nc5 $16) 15. Nc5 Bc4 16. Nd2 {[%emt 0:10:35] Pair of Knights!} Qxe5 17. Nxc4 dxc4 18. Nd7 {[%emt 0:00:13] White is more active.} Qe4 19. Nxf8 Qxg2 {[%emt 0:00:03] [#]} 20. Rf1 (20. Ke2 $1 $14 {might be stronger.} Rxf8 (20... Kxf8 21. Qd4) 21. Qd4) 20... Kxf8 $11 21. Bxh6 Bxh6 22. Qd4 (22. Qg4 $1 $15 Qd5 23. f4) 22... Qf3 $17 23. Rg1 c3 {Hoping for ...Bd2+.} ({Much weaker is} 23... Qxh3 $6 24. Rd1 $15) (23... Qxa3 $6 24. Qxc4 Qxh3 25. Rd1 $15) 24. Qg4 Qd5 {[%emt 0:02:14] Threatens to win with ...Qd2+.} 25. Kf1 Bd2 26. Rg3 Qh1+ (26... f5 $5 27. Qh4 f4 $15) 27. Rg1 Qd5 28. Rg3 $1 Qa2 (28... f5 $17 29. Qh4 f4) 29. Qd1 $11 Qc4+ 30. Qe2 $1 Qa2 31. Qd1 (31. Rb3 $11 {was preferrable.}) 31... Qf7 (31... a5 $15 {feels stronger.}) 32. Qf3 (32. Rd3 $11) 32... Qe6 (32... Rd8 $1 $15) 33. Qg4 Qd5 34. Qf3 (34. Rd3 $11 Qa2 35. Qd1) 34... Qe6 (34... Rd8 $15) 35. Qg4 f5 36. Qd4 Kf7 37. Kg2 {[#]} (37. Rd3 $11 {remains equal.}) 37... a6 (37... Qd5+ $1 $17 38. Qxd5+ cxd5) 38. Rd3 Rb8 39. Rb3 Rb5 40. Qh8 Qe4+ 41. Kg1 Qe1+ 42. Kg2 Qe4+ 43. Kh2 (43. Kg1 $11) 43... Bf4+ (43... Qh4 $1 $15 44. Qd4 f4) 44. Kg1 {[%emt 0:00:00] Dancing on a razor blade.} Qe1+ 45. Kg2 Qe4+ $1 46. Rf3 Bd2 47. Qxh7+ Kf6 $1 48. Qh8+ Kf7 (48... Kg5 $2 49. Rb1 f4 50. Qg7 $18 (50. Rg1 Kf5 $16)) 49. Rbxc3 Bxc3 50. Qxc3 {[%emt 0:00:00][%mdl 4096] Endgame KQR-KQR} Re5 51. Qb3+ Kg7 52. Qd3 c5 53. Qxa6 {[%emt 0:00:00] [#]} (53. Qxe4 $11 Rxe4 54. Re3 (54. bxc5 Rc4 $15) 54... Rxe3 55. fxe3) 53... cxb4 ({Black should play} 53... c4 $1 $17 {And now ...f4 would win.} 54. Qc8 g5) 54. axb4 {[%emt 0:00:02] The position is equal.} Qxb4 55. c4 Qb1 {[%emt 0:00:20] aiming for ...Re1.} 56. Rg3 f4 57. Rg4 Re1 {[%emt 0:00:44] ( -> ...Qe4+)} 58. Qc6 Qe4+ {[%emt 0:00:24] Weighted Error Value: White=0.17 (very precise) /Black=0.17 (very precise)} 1/2-1/2

[Event "Mitropa Cup Open 2022"]
[Site "Corte"]
[Date "2022.05.08"]
[Round "9.2"]
[White "Boyer, Mahel"]
[Black "Humeau, Cyril"]
[Result "1-0"]
[ECO "A40"]
[WhiteElo "2431"]
[BlackElo "2290"]
[Annotator "TA"]
[PlyCount "37"]
[EventDate "2022.04.30"]
[EventType "team-tourn"]
[EventCountry "FRA"]
[SourceTitle "playchess.com"]
[Source "ChessBase"]
[SourceQuality "1"]
[WhiteTeam "France"]
[BlackTeam "France"]
[WhiteTeamCountry "FRA"]
[BlackTeamCountry "FRA"]
[TimeControl "40/5400+30:1800+30"]

1. d4 b5 2. e4 Bb7 3. Bd3 e6 4. Nf3 c5 5. dxc5 Bxc5 6. Nbd2 {[%emt 0:00:05] A40: Unusual replies to 1 d4.} a6 7. a4 b4 8. e5 {[%emt 0:00:33] White is slightly better.} d5 {[%emt 0:00:27] Against Nc4} (8... Qc7 $11) 9. Nb3 $16 {[%emt 0:02:58] [#]} Nd7 $146 ({Predecessor:} 9... Ba7 10. Nfd4 Nd7 11. f4 Ne7 12. Be3 g6 13. Qd2 Nc6 14. a5 Qe7 15. Bxa6 Bxa6 16. Nxc6 Bxe3 17. Qxe3 Qh4+ 18. Qf2 Qg4 19. Nxb4 O-O 20. Nxa6 Rxa6 21. Qe2 {1-0 (21) Lajthajm,B (2422)-Henning,M (1966) Wunsiedel 2018}) 10. Bd2 a5 11. Nxc5 ({Reject} 11. Bb5 $6 Bb6 $11) 11... Nxc5 12. Bb5+ Nd7 {[%emt 0:01:07] [#]} 13. Nd4 $1 $36 {[%emt 0:00:14][%cal Bf3d4,Bd4e6,Be6f4][%mdl 2080] White is in control.} Ne7 {[%emt 0:01:34] [#]} 14. Qg4 $1 {[%emt 0:00:19] 0x0.002c8c27fb05dp-1022s more active pieces.} h5 $2 {[%emt 0:10:30] Loses the game.} (14... Kf8 $16) 15. Qxg7 $18 Rg8 16. Qh7 Rxg2 $2 (16... Ba6 17. Qxh5 Ng6) 17. Qxh5 Rg6 18. Nxe6 Qb8 (18... fxe6 $2 19. Rg1 Qc7 20. Qh8+ Ng8 21. Rxg6 $18) (18... Qb6 $142 19. Nf4 O-O-O 20. Nxg6 Nxg6) 19. Nf4 {[%emt 0:01:38] Weighted Error Value: White=0.18 (very precise) /Black=0.56} 1-0

[Event "Mitropa Cup Open 2022"]
[Site "Corte"]
[Date "2022.05.08"]
[Round "9.3"]
[White "Koelle, Tobias"]
[Black "Diermair, Andreas"]
[Result "0-1"]
[ECO "E17"]
[WhiteElo "2431"]
[BlackElo "2461"]
[Annotator "TA"]
[PlyCount "62"]
[EventDate "2022.04.30"]
[EventType "team-tourn"]
[EventCountry "FRA"]
[SourceTitle "playchess.com"]
[Source "ChessBase"]
[SourceQuality "1"]
[WhiteTeam "Germany"]
[BlackTeam "Austria"]
[WhiteTeamCountry "GER"]
[BlackTeamCountry "AUT"]
[TimeControl "40/5400+30:1800+30"]

1. d4 Nf6 2. c4 e6 3. Nf3 b6 4. g3 Bb7 5. Bg2 Be7 6. O-O O-O 7. Re1 d5 8. cxd5 exd5 9. Nc3 Na6 10. Bf4 c5 11. e3 {[%emt 0:01:56] E17: Queen's Indian: 4 g3 Bb7 5 Bg2 Be7.} Ne4 {[%emt 0:12:10] has lost popularity (11...Nc7).} 12. h4 {[%emt 0:00:41] [#]} Nc7 $146 ({Predecessor:} 12... cxd4 13. exd4 Nxc3 14. bxc3 Nc7 15. Ng5 h6 16. Nh3 Ne8 17. Qe2 Bd6 18. Be5 Nf6 {1-0 (34) Sasikiran,K (2690)-Brynell,S (2492) Cappelle la Grande 2011}) 13. Ne5 {[%emt 0:04:31] Threatens to win with Bxe4. White has an edge.} f6 14. Ng4 (14. Nd3 $14) 14... Rc8 15. dxc5 Bxc5 16. Bxc7 Rxc7 17. Nb5 ({Better is} 17. Qb3 $14 Nxc3 18. bxc3) 17... Re7 $11 18. a3 (18. Nh2 $11 {remains equal.}) 18... f5 $17 19. Nh2 (19. Bxe4 $17 {was the only chance.} fxe4 20. b4) 19... f4 20. gxf4 {[%emt 0:03:22] [#]} Nxf2 $1 21. Kxf2 {[%emt 0:04:40] [#]} Rxe3 {[%emt 0:00:12][%mdl 576] Discovered Attack} 22. Rxe3 {[%emt 0:02:36][%cal Oh2f3] Nf3! is the strong threat.} Qxh4+ 23. Kg1 $2 (23. Ke2 $17 Qxh2 24. Qg1 (24. Qh1 $2 Qxf4 25. Bxd5+ Kh8 $19) 24... Qxf4 25. Rc1) 23... Bxe3+ $19 24. Kh1 Bxf4 {[%emt 0:00:58][%csl Gf4][%cal Rh4h2] A strong pair of Bishops.} 25. Qg1 Rf6 {[%emt 0:02:11][%cal Bf8f6,Bf6h6,Bh6h2,Bh2g2][%mdl 32] Strongly threatening ...Rh6.} 26. Nd4 Rh6 {[%emt 0:01:15] White must now prevent ...Qg3.} ({Don't go for} 26... Bxh2 $2 27. Qxh2 Rh6 28. Qxh4 Rxh4+ 29. Kg1 Rxd4 30. Rc1 $19) 27. Ndf3 $2 (27. Nf5 Qxh2+ 28. Qxh2 Rxh2+ 29. Kg1) 27... Qg3 {[%emt 0:00:17][%cal Od5d4] ( -> ...d4!)} 28. Re1 d4 29. Qf1 Rxh2+ 30. Kg1 {[%emt 0:00:04] [#]} Be3+ ({Don't play} 30... Bxf3 31. Qc4+) (30... Ba6 $142 $1 31. Qf2 {[#]} (31. Re8+ Kf7) 31... Rh1+ $3 32. Kxh1 Qxf2 33. Re8+ Kf7 34. Re4 Be3 35. Kh2 Bf1 36. Ne1 Qxe1 37. Kh3 Bxg2+ 38. Kxg2 g5 39. Rg4 Qf2+ 40. Kh1 Bf4 41. Rxf4+ gxf4 42. b4 f3 43. b5 Qg2#) 31. Rxe3 {[%emt 0:00:05] [#]} Rxg2+ $1 {[%emt 0:00:09][%mdl 512] Weighted Error Value: White=0.98/Black=0.36} 0-1

[Event "Mitropa Cup Open 2022"]
[Site "Corte"]
[Date "2022.05.08"]
[Round "9.3"]
[White "Roux, Baptiste"]
[Black "Laurent-Paoli, Pierre"]
[Result "0-1"]
[ECO "C01"]
[WhiteElo "2072"]
[BlackElo "2486"]
[Annotator "TA"]
[PlyCount "66"]
[EventDate "2022.04.30"]
[EventType "team-tourn"]
[EventCountry "FRA"]
[SourceTitle "playchess.com"]
[Source "ChessBase"]
[SourceQuality "1"]
[WhiteTeam "France"]
[BlackTeam "France"]
[WhiteTeamCountry "FRA"]
[BlackTeamCountry "FRA"]
[TimeControl "40/5400+30:1800+30"]

1. e4 e6 2. d4 d5 3. exd5 exd5 4. Nf3 h6 5. Bd3 Bd6 6. O-O Ne7 7. c4 {[%emt 0:07:50] C01: French: Exchange Variation.} dxc4 8. Bxc4 O-O 9. Nc3 {[%emt 0:01:46] The position is equal.} Nbc6 10. h3 Bf5 11. Re1 Ng6 {[%emt 0:04:33] [#]} 12. d5 $146 ({Predecessor:} 12. Be3 a6 13. g4 Bd7 14. Ne4 Bb4 15. Bd2 Bxd2 16. Qxd2 Nh4 17. Nxh4 Qxh4 18. Re3 {0-1 (28) Murphy,H (2152)-Pert,N (2557) England 2013}) 12... Nce5 13. Bf1 Nxf3+ 14. Qxf3 Nh4 15. Qd1 Qf6 16. Be3 Rfe8 ({But not} 16... Qe5 17. g3 $16) (16... Qg6 {feels hotter.} 17. Kh1 Rfe8 18. Nb5 Bb4) 17. g3 $2 (17. Qd4 $11) 17... Ng6 $2 (17... Qg6 $1 $19 {[%cal Od6g3] Hoping for ...Bxg3!} 18. Qe2 Bf4 $1 19. Bxf4 Rxe2 20. Rxe2 Nf3+ 21. Kg2 Ng5 22. Bxg5 hxg5) 18. Bg2 $11 Ne5 19. Bd4 Qg6 20. Qb3 {[%emt 0:02:45] [#]} (20. Ne4 $11) 20... Bxh3 $1 $15 21. Bxe5 Bxg2 $1 22. Kxg2 Bxe5 23. Qxb7 Rab8 24. Qxa7 Rxb2 {[%emt 0:01:05] ( -> ...Qxg3+)} 25. Qe3 Re7 {[%emt 0:05:49] White must now prevent ...Rc2.} 26. Qf3 {[%emt 0:03:11] [#]} h5 {[%emt 0:05:44] Black is more active.} (26... Bd4 $1 $17 27. Rxe7 Rxf2+ 28. Qxf2 Bxf2 29. Re8+ Kh7 30. Kxf2 Qf6+ 31. Kg2 Qxc3) 27. Rac1 {[%emt 0:02:08] [#]} (27. Rab1 $11 {keeps the balance.} Rxb1 28. Rxb1) 27... h4 $1 $36 {[%mdl 2048] ...hxg3 is the strong threat. White is under strong pressure.} 28. g4 (28. d6 $17 {keeps fighting.} Bxd6 29. Rxe7 Bxe7 30. Re1) 28... f5 $19 29. Qxf5 {[%emt 0:00:19] [#]} (29. d6 $19 cxd6 30. Nd5) 29... Rf7 $1 {[%emt 0:00:12][%mdl 512] Black mates.} 30. Qc8+ Rf8 31. Qxf8+ Kxf8 32. Rxe5 Qxg4+ 33. Kf1 Qf4 {[%emt 0:00:43] Weighted Error Value: White=0.49/Black=0.20 (precise)} 0-1

[Event "Mitropa Cup Open 2022"]
[Site "Corte"]
[Date "2022.05.08"]
[Round "9.4"]
[White "Loiseau, Quentin"]
[Black "Bouslimi, Nabil"]
[Result "0-1"]
[ECO "A60"]
[WhiteElo "2445"]
[BlackElo "2065"]
[Annotator "TA"]
[PlyCount "146"]
[EventDate "2022.04.30"]
[EventType "team-tourn"]
[EventCountry "FRA"]
[SourceTitle "playchess.com"]
[Source "ChessBase"]
[SourceQuality "1"]
[WhiteTeam "France"]
[BlackTeam "France"]
[WhiteTeamCountry "FRA"]
[BlackTeamCountry "FRA"]
[TimeControl "40/5400+30:1800+30"]

1. d4 Nf6 2. c4 c5 3. d5 e6 4. Nf3 exd5 5. cxd5 d6 6. e4 g6 7. h3 Bg7 8. Bd3 {[%emt 0:00:25] E10: Blumenfeld Gambit.} O-O 9. O-O b5 10. a4 {[%emt 0:06:59] White has an edge.} c4 {[%emt 0:06:45] [#]} 11. Be2 $146 ({Predecessor:} 11. Bc2 b4 12. Nbd2 Ba6 13. Re1 Re8 14. Nf1 Nbd7 15. Nd4 b3 16. Bb1 Nc5 17. f3 Nxd5 {0-1 (25) Hevesi,Z (2097)-Somogyi,I (2175) Hungary 2010}) 11... b4 12. Bxc4 Nxe4 13. Qe1 Re8 14. Qxb4 a5 15. Qb3 Na6 16. Bb5 Bd7 17. Na3 Nec5 18. Qd1 Re4 19. Bg5 Qc8 20. Re1 Bxb2 21. Ra2 Bg7 22. Rae2 Rxe2 23. Rxe2 Nb4 24. Bf4 Bf8 25. Bg3 Qb7 26. Bxd7 $1 Nxd7 27. Nb5 Qxd5 (27... Nxd5 $11 28. Bxd6 (28. Nxd6 $2 Bxd6 29. Bxd6 Nc3 $19) 28... N7b6) 28. Rd2 $14 Qc6 (28... Qc5 $14) 29. Nxd6 Nb6 $2 {[%emt 0:06:06] [#]} (29... Bh6 $16) 30. Nxf7 $1 Qxa4 $18 {[%emt 0:00:30] [#]} 31. Qe2 Qe8 {[%emt 0:01:00] Prevents Qe6.} (31... Re8 32. N3e5) 32. N3e5 a4 33. Qg4 $2 (33. Qf3 $18 {Qf6 is the strong threat.} Nc6 34. Ng4 Qe1+ 35. Kh2 Qxd2 36. Qxc6 Kxf7 37. Qf6+ Kg8 38. Be5) 33... Qc8 $2 {[%emt 0:01:48][%mdl 8192] [#]} (33... N4d5 $11) 34. Qf4 $2 (34. Nh6+ $1 $18 Kg7 (34... Bxh6 35. Rd8+) 35. Nd7 $1) 34... Qf5 $16 35. Qh4 (35. Nh6+ $1 $16 {is forced if you want to stay better.} Bxh6 36. Qxh6) 35... N6d5 $17 36. Qc4 (36. Ng5 h6 37. Ngf7 h5) 36... Rc8 (36... Ra5 $1 $17 {aiming for ...a3.} 37. Qd4 Ra8) 37. Qb5 $1 $11 Nc3 (37... Rc7 $11) 38. Qb7 $18 Ne4 {[%emt 0:00:52] [#] Against Ng5} (38... Re8 39. Ng5 Re7 40. Qxb4 Rxe5 41. Qc4+ Rd5) 39. Rd7 $4 (39. Rd1 Re8 $11) (39. Ng4 $1 $18 {[%cal Rg4h6][%mdl 512] was the only winning move.} Nxg3 40. Ngh6+ Bxh6 41. Nxh6+ Kh8 42. fxg3 (42. Nxf5 Rc1+ 43. Rd1 Rxd1+ 44. Kh2 Nf1+ 45. Kh1 Ng3+ 46. Kh2 Nf1+ 47. Kh1 Ng3+ 48. Kh2 $11) 42... Qc5+ 43. Kh2) 39... Rc1+ $1 $19 40. Kh2 {[%emt 0:00:11] Rd8 would kill now.} Nxg3 $2 {[%emt 0:00:26] Chess con chili.} (40... Nxf2 $19 {( -> ...Rh1#)} 41. Bxf2 (41. Nh6+ $2 Bxh6 42. Bxf2 Qxe5+ $19) 41... Qxf2 42. Nh6+ Bxh6 43. Rd8+ Bf8 44. Qxb4 Qf6) 41. Kxg3 $11 g5 $1 42. Rd4 {[%emt 0:04:04] Inhibits Qf4+.} Nc6 $40 {[%emt 0:07:26][%mdl 128] Black attacks.} 43. Nxc6 ({Don't blunder} 43. Nh6+ $2 Bxh6 44. Nxc6 Rxc6 $1 45. Qxc6 Qe5+ 46. Kf3 Qxd4 $19) (43. Qa8 $1 $11 {was the only way to keep the balance.} Kg7 44. Qb7 (44. Rg4 h6 $17)) 43... Qxf7 (43... Rc3+ {with more complications.} 44. f3 Qxf7 45. Qxf7+ Kxf7 46. Nd8+ Ke7) 44. Qxf7+ Kxf7 {[%emt 0:00:07][%mdl 4096] Endgame KRB-KRN} 45. Ne5+ (45. Nd8+ $17 {might work better.} Ke7 46. Rxa4 Kxd8 47. h4) 45... Ke6 $19 46. Nf3 a3 47. Nxg5+ $2 (47. Ra4) 47... Kf5 {[%emt 0:00:12] Strongly threatening ...a2.} 48. Rd5+ Kg6 {[%emt 0:00:50] Hoping for ...a2.} 49. Ne6 Bb4 50. Nf4+ Kf6 {[%emt 0:00:17] And now ...a2 would win.} 51. Nh5+ Ke7 52. Re5+ Kd6 53. Re2 Rc3+ 54. f3 Rb3 55. Ra2 Rb2 56. Ra1 Ke5 {[%emt 0:01:20] Against Nf6} 57. f4+ Ke4 (57... Kf5 $142 58. Ng7+ Kg6) 58. Nf6+ Kd4 (58... Kd3 $19 {and Black stays clearly on top. White must now prevent ...a2.} 59. f5 a2) 59. Nxh7 $17 a2 60. f5 Be1+ {[%emt 0:07:34][%mdl 1024] Black has compensation.} 61. Kh2 $2 ({Don't go for} 61. Rxe1 $2 Rb1 62. Re6 a1=Q $19) (61. Kg4 $15) 61... Bc3 (61... Bh4 $142 62. Rxa2 Rxa2) 62. f6 {[%emt 0:00:33] [#]} Kd5 $2 (62... Ke3 $1 {mates} 63. h4 {[#]} Rxg2+ $3 64. Kxg2 Bxa1 65. Kg3 Be5+ 66. Kg4 a1=Q 67. Kf5 Bc3 68. Ke6 Qa6+ 69. Kf7 Qb7+ 70. Kg8 Qe4 71. h5 Qg4+ 72. Kf7 Qxh5+ 73. Kg7 Qf5 74. Kh6 Bxf6 75. Nxf6 Qxf6+ 76. Kh7 Kf4 77. Kg8 Qe7 78. Kh8 Kf5 79. Kg8 Kg6 80. Kh8 Qh7#) 63. f7 $2 (63. Rxa2 $1 $11 {and White stays safe.} Be5+ 64. Kg1 Bd4+ 65. Kh2 Rxa2 66. f7 Be5+ 67. Kg1) 63... Be5+ $19 64. Kg1 Rb1+ {[%emt 0:00:38][%mdl 64] Discovered Attack, Double Attack} 65. Kf2 Bxa1 66. f8=Q {[%emt 0:00:17] Against Bg7} Bd4+ 67. Ke2 (67. Kg3 $142 a1=Q 68. Kg4) 67... a1=Q 68. Qf7+ Kc6 (68... Kd6 $142 69. Qf4+ Kc6 70. Qe4+ Kc7 71. Qf4+ Kc8 72. Qf8+ Kb7 73. Qf7+ Kb8 74. Qg8+ Ka7 75. Kf3 Qa4 76. Qf7+ Rb7 77. Qg6 Rb3+ 78. Kg4 Bf2+ 79. Kg5 Qh4+ 80. Kf5 Rb5+ 81. Ke6 Qc4+ 82. Kd6 Qc5+ 83. Ke6 Qc6+ 84. Kf7 Rb7+ 85. Kg8 Qxg6+ 86. Kh8 Rxh7#) 69. Qe6+ Kb7 70. Qd5+ Ka7 {[%emt 0:00:07] Black mates.} 71. Ng5 Re1+ 72. Kf3 Qd1+ 73. Kf4 Be3+ {[%emt 0:00:21] Quite a comeback for Black.  Weighted Error Value: White=0.58/Black=0.41} 0-1

[Event "Mitropa Cup Open 2022"]
[Site "Corte"]
[Date "2022.05.08"]
[Round "9.4"]
[White "Schreiner, Peter"]
[Black "Deuer, Marius"]
[Result "0-1"]
[ECO "A00"]
[WhiteElo "2428"]
[BlackElo "2359"]
[Annotator "TA"]
[PlyCount "188"]
[EventDate "2022.04.30"]
[EventType "team-tourn"]
[EventCountry "FRA"]
[SourceTitle "playchess.com"]
[Source "ChessBase"]
[SourceQuality "1"]
[WhiteTeam "Austria"]
[BlackTeam "Germany"]
[WhiteTeamCountry "AUT"]
[BlackTeamCountry "GER"]
[TimeControl "40/5400+30:1800+30"]

1. g3 Nf6 2. Bg2 d5 3. Nf3 c5 4. O-O Nc6 5. d4 cxd4 6. Nxd4 e6 7. c4 Bc5 8. Nxc6 bxc6 9. Nc3 O-O 10. b3 {[%emt 0:07:56] E01: Catalan: Early deviations.} Ba6 11. Qc2 dxc4 12. bxc4 {[%emt 0:04:49] The position is equal.} Qd4 {[%emt 0:06:18] [#]} 13. Na4 $1 Be7 (13... Bxc4 $2 14. Be3 Qe5 15. Bxc5 $18) 14. Nb2 Rab8 {[%emt 0:07:20] [#]} 15. Rb1 $146 ({Predecessor:} 15. Rd1 Qb6 16. Nd3 Qd4 17. Bf4 Rbc8 18. Ne5 Qc5 19. Qa4 Qa3 20. Qb3 Qc5 21. Nd7 Nxd7 22. Rxd7 Bxc4 {0-1 (46) Fochtler,E (2280)-Kupreichik,V (2515) Schwaebisch Gmuend 1994}) 15... Bc5 16. Bd2 Rfd8 (16... Ba3 $142 17. Bc3 Qc5) 17. Bc3 $16 Qd7 18. Qa4 Bb7 (18... Qc8 $16 {keeps fighting.}) 19. Nd3 Bd4 20. Ba5 Rdc8 (20... c5 $2 21. Qxd7 Rxd7 22. Bc6 $1 $18 ) 21. Rfd1 Qe7 {[%emt 0:01:44] Inhibits c5.} 22. e3 $36 {[%emt 0:02:03][%mdl 2048] White is on the roll.} Bc5 (22... Bb6 $142 23. Bxb6 axb6) 23. Nxc5 $18 Qxc5 24. Bc3 {[%emt 0:02:13] A strong pair of Bishops.} e5 {[%emt 0:01:12] Against Bd4} (24... Ba8 25. Bd4 Qh5 26. Qxa7 Rb7) 25. Qb4 Qxb4 26. Rxb4 ({Not} 26. Bxb4 Ba6 $14) 26... a5 27. Rb6 Ba8 28. Rxb8 ({Resist} 28. Bxa5 Rxb6 29. Bxb6 Bb7 $18) 28... Rxb8 29. Bxe5 Re8 30. Bxf6 gxf6 {[%emt 0:00:08][%mdl 4096] Endgame KRB-KRB} 31. Rd6 Rc8 32. Rxf6 Rb8 33. Rf5 ({Stronger than} 33. Bxc6 Kg7 34. Rd6 Rb6 $11) 33... Rb1+ 34. Bf1 c5 35. Rxc5 $2 (35. f3 $1 $18) 35... Bf3 $11 36. Rb5 Rc1 37. Rb2 {[%emt 0:00:19] Inhibits Be2.} a4 38. c5 a3 39. Rd2 Rxc5 40. g4 Rc1 41. h3 Kg7 42. Rd3 Be2 43. Rxa3 Bxf1 $15 {[%emt 0:00:45] KRB-KR} 44. Kh2 Rc2 45. Kg3 Bc4 46. Ra5 Bxa2 47. Rg5+ Kf6 48. h4 Rc1 49. Rg8 Be6 50. h5 (50. f3 $142) 50... h6 (50... Ke5 $142 {White must now prevent ...Rg1+.} 51. f3 Rc3) 51. Kf4 $2 (51. e4 $17) 51... Rf1 $2 (51... Rc8 $1 $19 52. Rxc8 Bxc8) 52. Kg3 (52. f3 $17) 52... Bd5 (52... Rg1+ $1 $19 {and Black stays clearly on top.} 53. Kf4 Bb3) 53. Rd8 $17 Rg1+ 54. Kf4 Bc4 {[%emt 0:00:27] Threatens to win with ...Be2.} 55. Rd6+ Kg7 56. Rd2 {[%emt 0:00:25] Prevents Be2.} Bb3 {[%emt 0:02:23] ...Bd1 is the strong threat.} 57. f3 Bd1 58. e4 Rf1 59. Rd3 Kf6 (59... Be2 $17 60. Re3 Bc4) 60. Kg3 (60. e5+ $11 {keeps the balance.} Ke7 61. Ra3) 60... Be2 61. Re3 Bc4 62. Rc3 Be6 63. Kf4 Rd1 64. Ra3 Bc4 65. Rc3 Be2 (65... Bb5 $17) 66. Rc6+ (66. e5+ $1 $11 {remains equal.} Kg7 67. e6) 66... Kg7 {[%emt 0:00:01] Strongly threatening ...Rd3.} 67. Rc2 Bf1 (67... Re1 $17) 68. Rb2 (68. g5 $1 $11) 68... Rc1 69. Rb3 Be2 70. Rb2 Bc4 71. Ke3 Rc3+ 72. Kf4 Bb3 73. Rd2 Kf6 74. Rd6+ Be6 $1 75. Rd8 Bc4 (75... Rb3 $17) 76. Rd6+ $11 Kg7 77. Rd2 {[%emt 0:00:36] Against Be2} (77. Rc6 $11) 77... Rd3 (77... Bb5 $17) 78. Rf2 (78. Rxd3 $11 Bxd3 79. e5) 78... Bb3 79. Rf1 Bd1 80. Rf2 Kf6 81. Rf1 Ke6 82. Rf2 f6 83. Rf1 $1 Kd6 (83... Ke7 $15) 84. Rf2 Ke6 (84... Ke7 $11) 85. Rf1 $1 $15 Kd6 (85... Ke7 $15 {deserves consideration.}) 86. Rf2 $11 Kc5 87. Rf1 Kc4 88. Rf2 Kc3 89. Rf1 $2 {[%emt 0:01:01] [#]} (89. Kf5 $11) 89... Kd2 $2 ({Better is} 89... Be2 $1 $19 90. Rf2 Kd2) 90. e5 $2 (90. Kf5 $1 $11 {and White is okay.}) 90... fxe5+ $2 (90... Ke2 $19 91. Rh1 Rxf3+ 92. Ke4 Re3+ 93. Kf5 Rxe5+ 94. Kg6 Rg5+ 95. Kxh6 Rxg4 96. Rh2+ Kf3) 91. Kxe5 Bxf3 {[%emt 0:00:43] And now ...Ke3 would win.} 92. Rg1 $2 {[%emt 0:00:21] [#]} (92. Rb1 $11) 92... Ke2 $2 (92... Ke3 $1 $19 93. Rc1 Rd5+ 94. Kf6 Kf4 95. Rc4+ Be4) 93. g5 $2 (93. Rb1 $11) 93... Kf2 $19 94. Ra1 Rd5+ {[%emt 0:00:34] What a fight!  Weighted Error Value: White=0.37/Black=0.36} 0-1

[Event "Mitropa Cup Open 2022"]
[Site "Corte"]
[Date "2022.05.08"]
[Round "9.5"]
[White "Pechac, Jergus"]
[Black "Baenziger, Fabian"]
[Result "1/2-1/2"]
[ECO "D02"]
[WhiteElo "2597"]
[BlackElo "2430"]
[Annotator "TA"]
[PlyCount "61"]
[EventDate "2022.04.30"]
[EventType "team-tourn"]
[EventCountry "FRA"]
[SourceTitle "playchess.com"]
[Source "ChessBase"]
[SourceQuality "1"]
[WhiteTeam "Slovakia"]
[BlackTeam "Switzerland"]
[WhiteTeamCountry "SVK"]
[BlackTeamCountry "SUI"]
[TimeControl "40/5400+30:1800+30"]

1. Nf3 d5 2. d4 Nf6 3. Bf4 c5 4. e3 Nc6 5. Nbd2 cxd4 6. exd4 {[%emt 0:00:07] D02: 1 d4 d5 2 Nf3 sidelines, including 2...Nf6 3 g3 and 2...Nf6 3 Bf4.} Bf5 7. Bb5 e6 8. Ne5 Qb6 9. c4 dxc4 10. Bxc6+ bxc6 11. Ndxc4 {[%emt 0:00:07] Pair of Knights!} Qa6 12. Qe2 {[%emt 0:00:13][%cal Oc4d6] [#] aiming for Nd6+!} Bb4+ 13. Bd2 Bxd2+ {[%emt 0:00:18] [#]} 14. Qxd2 $146 {[%emt 0:00:04] Strongly threatening Nd6+.} ({Predecessor:} 14. Nxd2 Qb5 15. Nb3 O-O 16. Rc1 Rfc8 17. Rxc6 Qa4 18. Rxc8+ Rxc8 19. O-O Qxa2 20. Nc5 {1-0 (62) Aronian,L (2775)-Inarkiev,E (2663) Moscow 2019}) 14... O-O 15. Qa5 Qb5 16. O-O Be4 17. Rfc1 Bd5 18. a4 Qb7 19. Qe1 Bxc4 20. Nxc4 Rad8 21. Na5 Qxb2 22. Rab1 Qa3 (22... Qxd4 23. Nxc6 Qxa4 24. Ra1 $16 (24. Nxd8 Rxd8 25. Ra1 Qd7 $16)) 23. Ra1 Qb2 ({Resist} 23... Qd6 24. Nb7 Qd7 25. Nxd8 Rxd8 26. Rab1 $16) 24. Rab1 (24. Nxc6 $5 Rd7 25. Rab1 $11) 24... Qa3 ({Don't take} 24... Qxd4 25. Nxc6 Qxa4 26. Ra1 $16 (26. Nxd8 Rxd8 27. Ra1 Qd7 $16)) 25. Nxc6 Rd7 {[%emt 0:00:31] The position is equal.} 26. Qa5 Ne4 27. Qe1 Nf6 28. Qa5 Ne4 29. Re1 Nf6 30. Re3 Qd6 31. Ne5 {[%emt 0:05:36] An interesting draw.  Weighted Error Value: White=0.07 (flawless) /Black=0.03 (flawless)} 1/2-1/2